 Dungeon Crawl Stone Soup version 0.29-a0-338-g1ff7896281 (webtiles) character file.

Game seed: 15302946579329006967

22 spaghetti the Grave Robber (level 2, 9/22 HPs)
             Began as a Deep Dwarf Necromancer on Apr 18, 2022.
             Was a Follower of Zin.
             Quit the game on level 1 of the Dungeon.
             The game lasted 00:01:10 (947 turns).

spaghetti the Grave Robber (Deep Dwarf Necromancer)  Turns: 947, Time: 00:01:11

Health: 9/22       AC:  2    Str:  8 (11) XL:     2   Next: 68%
Magic:  4/4        EV: 12    Int: 14 (15) God:    Zin [*.....]
Gold:   46         SH:  0    Dex: 11 (13) Spells: 3/4 levels left

rFire   . . .      SeeInvis .   f - +0 dagger {short}
rCold   . . .      Faith    .   (no shield)
rNeg    . . .      Spirit   .   a - +0 robe
rPois   .          Reflect  .   (no helmet)
rElec   .          Harm     .   (no cloak)
rCorr   .          Rampage  .   (no gloves)
Will    .....                   (no boots)
Stlth   ++........              (no amulet)
HPRegen 0.00/turn               (no ring)
MPRegen 0.09/turn               (no ring)

@: no status effects
A: damage resistance, heal wounds, sense surroundings 1, no regeneration
a: Heal Wounds, Renounce Religion, Recite, Donate Gold


You were on level 1 of the Dungeon.
You worshipped Zin.
Zin was aware of your devotion.
You visited 1 branch of the dungeon, and saw 1 of its levels.

You collected 51 gold pieces.
You donated 5 gold pieces to Zin.


Innate Abilities, Weirdness & Mutations

You are resistant to damage.
You can heal yourself by infusing magical energy.
You passively map a small area around you.
You do not regenerate.


   Skills:
 + Level 3.6 Dodging
 - Level 2.4 Stealth
 - Level 1.7 Spellcasting
 - Level 4.3 Necromancy


You had 3 spell levels left.
You knew the following spells:

 Your Spells              Type           Power      Damage    Failure   Level
a - Pain                  Necr           52%        1d6       4%          1

Your spell library contained the following spells:

 Spells                   Type           Power      Damage    Failure   Level
 Animate Skeleton         Necr           26%        N/A       4%          1
 Vampiric Draining        Necr           13%        2d6       12%         3
 Animate Dead             Necr           6%         N/A       38%         4
 Agony                    Necr           13%        N/A       75%         5

Inventory:

Hand Weapons
 f - a +0 dagger (weapon) {short}
   (You took it off a kobold on level 1 of the Dungeon)
Missiles
 g - 4 stones {throwing}
Armour
 a - a +0 robe (worn)
Scrolls
 c - a scroll of magic mapping {unknown}
 h - a scroll of amnesia {unknown}
 i - a scroll of identify {unknown}
Potions
 b - a potion of magic

Dungeon Overview and Level Annotations

Branches:
Dungeon (1/15)

Altars:
Zin

#.# #.#..>##.. ... #.#
#.#** #.# #.# ..# #.# *
#.# , #.######. #.# #
#.#......, ,
#.###########.##..g.....
,
#...................B...
#.########* * #@#.# * ,
#.##############.#.# *
#.............##.#.#
#..##########.##.#.# *
...# #.##.#.# ...#
#.##.#.####### ####
#.##..†....... * #
#.####.####### , #
#.####.#


You could see a giant cockroach (asleep) and a goblin (wandering).


Message History

The kobold shouts!
You hit the hobgoblin. The hobgoblin hits you. The hobgoblin barely misses you.
It was a potion of degeneration.
There was something very wrong with that liquid.
You feel weakened.
You feel dopey.
You feel clumsy.
The hobgoblin closely misses you. x2 😮 MP[+1] Unknown command.
It was a potion of might.
You feel very mighty all of a sudden. The hobgoblin closely misses you.
The hobgoblin barely misses you.
You barely miss the hobgoblin. The hobgoblin barely misses you. x2
You hit the hobgoblin.
You kill the hobgoblin!
The hobgoblin hits you.
You hit the hobgoblin. The hobgoblin misses you. The endoplasm misses you.
You hit the hobgoblin.
You kill the hobgoblin!
The endoplasm hits you.
You hit the endoplasm.
You kill the endoplasm!
The kobold hits you with a +0 dagger. 😮 HP[-1]
You take 1 damage, and now have 14/22 hp.
You puncture the kobold!
You kill the kobold!
Items here: )) ††.
Key pressed, stopping explore.
You feel a little less mighty now.
Key pressed, stopping explore.
Key pressed, stopping explore.
Found a faded altar of an unknown god.
There is a stone staircase leading down here.
There is a stone staircase leading down here.
A ball python comes into view. 😮 MP[+3]
Your mp is fully restored (4).
Found a stone staircase leading down.
The ball python hisses angrily.
Casting: Pain (safe; 4% risk of failure)
Confirm with . or Enter, or press ? or * to list all spells.
Aiming: Pain (safe; 4% risk of failure)
Press: ? - help, Shift-Dir - straight line, f - ball python
Aim: a ball python (chance to affect: 83%)
The ball python barely resists. 😮 MP[-1]
You lost 1 mp, and now have 3/4 mp.
Casting: Pain (safe; 4% risk of failure)
Confirm with . or Enter, or press ? or * to list all spells.
Aiming: Pain (safe; 4% risk of failure)
Press: ? - help, Shift-Dir - straight line, f/p - ball python
Aim: a ball python (chance to affect: 83%)
The ball python writhes in agony.
You kill the ball python! 😮 MP[-1]
You lost 1 mp, and now have 2/4 mp.
Casting: Pain (safe; 4% risk of failure)
Confirm with . or Enter, or press ? or * to list all spells.
You can't see any susceptible monsters within range! (Use Z to cast anyway.) Search for what [? for help]? altar
There is a shaft here.
There is a faded altar of an unknown god here. 😮 MP[+2]
Your mp is fully restored (4).
You cannot tell which god this altar belongs to.
Convert to them anyway?
Zin accepts your prayer! Zin welcomes you!
You pay a tithe of 5 gold.
You can now donate money to Zin.
You can now recite Zin's Axioms of Law.
Unknown command.
Press < or > to pray at altars.
There is a shaft here.
Key pressed, stopping explore.
Key pressed, stopping explore.
You see here a +0 ring mail.
Key pressed, stopping explore.
A quokka comes into view.
You are too injured to fight recklessly!
The quokka bites you. The quokka misses you. 😮 HP[-1]
You take 1 damage, and now have 13/22 hp.
You hit the quokka but do no damage. The quokka bites you.
* * * LOW HITPOINT WARNING * * *
😨 HP[-3]
You take 3 damage, and now have 10/22 hp.
You hit the quokka. The quokka barely misses you.
You closely miss the quokka. The quokka bites you.
* * * LOW HITPOINT WARNING * * *
😨 HP[-1]
You take 1 damage, and now have 9/22 hp.
You barely miss the quokka. The quokka barely misses you.
You hit the quokka.
You kill the quokka!
You see here a quokka corpse.
A goblin and a giant cockroach come into view.
There are monsters nearby!
There are monsters nearby!
There are monsters nearby!
Are you sure you want to abandon this character and quit the game? (Confirm with "yes".)

Skill      XL: |  1 |
---------------+----+-----
Dodging        | 3 |  3.6
Stealth        | |  2.4
Spellcasting   | |  1.7
Necromancy     | |  4.3

Action                   || total
-------------------------++-------
Melee: Dagger            ||    25
 Cast: Pain              ||    28
  Use: Potion            ||     2
Armor: Robe              ||     5
Dodge: Dodged            ||    19

Levels and vault maps discovered:
D:1:      eino_arrival_cavern_a, layout_loops_ring,
          hellmonk_ecumenical_altar_leap_of_faith, minmay_split_cup_small

Notes
Turn   | Place    | Note
-------+----------+-------------------------------------------
     0 | D:1      | spaghetti the Deep Dwarf Necromancer began the quest for
                  | the Orb.
     0 | D:1      | Reached XP level 1. HP: 15/15 MP: 3/3
     0 | D:1      | magus.rc [v1.9.6]
   403 | D:1      | Reached skill level 3 in Dodging
   445 | D:1      | Reached XP level 2. HP: 17/22 MP: 1/4
   741 | D:1      | Found a faded altar of an unknown god.
   823 | D:1      | Prayed at the altar of an unknown god.
   823 | D:1      | Became a worshipper of Zin the Law-Giver
   823 | D:1      | Reached * piety under Zin
   947 | D:1      | Quit the game

Vanquished Creatures
  4 ball pythons (D:1)
  3 endoplasms (D:1)
  A goblin (D:1)
  2 hobgoblins (D:1)
  2 quokkas (D:1)
  3 bats (D:1)
  A frilled lizard (D:1)
  3 kobolds (D:1)
19 creatures vanquished.

Table legend:
 A = Non-vault XP
 B = Vault XP
 C = Vault XP percentage of total XP
 D = Non-vault monster count
 E = Vault monster count
 F = Vault count percentage of total count
                 A         B        C        D         E       F
            +---------+---------+-------+---------+---------+-------
      Total |      29 |       3 |   9.4 |      17 |       2 |  10.5
            +---------+---------+-------+---------+---------+-------
        D:1 |      29 |       3 |   9.4 |      17 |       2 |  10.5
            +---------+---------+-------+---------+---------+-------

Illustrated notes

Table legend:
 A = Kills in this place as a percentage of kills in entire the game.
 B = Kills by you in this place as a percentage of kills by you in the entire game.
 C = Kills by friends in this place as a percentage of kills by friends in the entire game.
 D = Other kills in this place as a percentage of other kills in the entire game.
 E = Experience gained in this place as a percentage of experience gained in the entire game.
 F = Experience gained in this place divided by the number of levels of this place that you have seen.
                   A       B       C       D       E      F
               +-------+-------+-------+-------+-------+----------------------
         Total | 100.0 | 100.0 |   N/A |   N/A | 100.0 |  32.0
       Dungeon | 100.0 | 100.0 |   N/A |   N/A | 100.0 |  32.0
               +-------+-------+-------+-------+-------+----------------------

Table legend: (Time is in decaauts)
 A = Elapsed time spent in this place.
 B = Non-inter-level travel time spent in this place.
 C = Inter-level travel time spent in this place.
 D = Time resting spent in this place.
 E = Time spent auto-exploring this place.
 F = Levels seen in this place.
 G = Mean time per level.
                   A        B        C        D        E       F      G
               +--------+--------+--------+--------+--------+-----+--------+
         Total |    946 |    913 |     33 |      0 |    809 |   1 |  946.0 |
       Dungeon |    946 |    913 |     33 |      0 |    809 |   1 |  946.0 |
               +--------+--------+--------+--------+--------+-----+--------+

Top non-repeatable levels by time:
     D:1: 946 daAuts
